 Dungeon Crawl Stone Soup version 0.23.2-40-g277498a001 (webtiles) character file.

Game seed: 17687901705342289963

8 Descartes the Sneak (level 2, 0/12 HPs)
             Began as a Felid Wanderer on Sept 7, 2019.
             Slain by a gnoll
             ... wielding a +0 flail
              (8 damage)
             ... on level 1 of the Dungeon.
             The game lasted 00:02:38 (244 turns).

Descartes the Sneak (Felid Wanderer)                 Turns: 244, Time: 00:02:39

Health: 0/12       AC:  1    Str:  9    XL:     2   Next: 0%
Magic:  1/4        EV: 16    Int: 12    God:
Gold:   3          SH:  0    Dex: 15    Spells: 2/3 levels left
                                        Lives:  0   Deaths: 0

rFire    . . .     SeeInvis +     - Unarmed
rCold    . . .     Gourm    .   (shield unavailable)
rNeg     . . .     Faith    .   (armour unavailable)
rPois    .         Spirit   .   (helmet unavailable)
rElec    .         Reflect  .   (cloak unavailable)
rCorr    .         Harm     .   (gloves unavailable)
MR       .....                  (boots unavailable)
Stlth    +++.......             (no amulet)
HPRegen  0.04/turn              (no ring)
MPRegen  0.09/turn              (no ring)

@: quick
A: very small, no armour, no weapons or thrown items, stealth, claws 1, fangs 3,
see invisible, carnivore, speed 1, shaggy fur 1, slow metabolism 1, sharp paws
a: no special abilities


You were on level 1 of the Dungeon.
You were not hungry.

You visited 1 branch of the dungeon, and saw 1 of its levels.

You collected 3 gold pieces.

Inventory:

Missiles
 c - 16 stones
Scrolls
 a - a scroll of enchant armour {unknown}
 b - a scroll of teleportation
Potions
 e - a potion of curing {unknown}
Comestibles
 d - a ration


   Skills:
 + Level 1.0 Fighting
 * Level 1.2 Dodging
 * Level 2.8 Stealth
 * Level 2.1 Unarmed Combat
 * Level 1.1 Spellcasting
 * Level 0.2 Conjurations
   Level 2.0 Summonings
   Level 2.1 Transmutations


You had 2 spell levels left.
You knew the following spells:

 Your Spells              Type           Power        Failure   Level  Hunger
a - Magic Dart            Conj           #...         26%         1    ##.....

Your spell library contained the following spells:

 Spells                   Type           Power        Failure   Level  Hunger
 Call Imp                 Summ           #.......     21%         2    ###....
 Sandblast                Erth           #.....       30%         1    ##.....
 Blink                    Tloc           N/A          41%         2    ###....
 Slow                     Hex            #.......     41%         2    ###....
 Conjure Flame            Conj/Fire      #.......     65%         3    ####...
 Mephitic Cloud           Conj/Pois/Air  #.......     65%         3    ####...
 Stone Arrow              Conj/Erth      #.....       65%         3    ####...


Dungeon Overview and Level Annotations

Branches:
Dungeon (1/15)

Altars:


Innate Abilities, Weirdness & Mutations

You cannot wear armour.
You are incapable of wielding weapons or throwing items.
Your paws allow you to move quietly. (Stealth)
You have sharp claws.
You have razor-sharp teeth.
You have supernaturally acute eyesight. (SInv)
You are carnivorous and can eat meat at any time.
You cover ground quickly.
You are covered in fur. (AC +1)
You have a slow metabolism.
Your sharp claws are effective at attacking unaware monsters.


Message History

The gnoll is severely wounded.
You scratch the gnoll but do no damage.
The gnoll is severely wounded.
The gnoll misses you.
You barely miss the gnoll.
The gnoll is severely wounded.
The gnoll closely misses you.
You scratch the gnoll but do no damage.
The gnoll is severely wounded.
The gnoll barely misses you.
You scratch the gnoll. You bite the gnoll, but do no damage.
The gnoll is severely wounded.
The gnoll misses you.
You scratch the gnoll but do no damage.
The gnoll is severely wounded.
You scratch the gnoll but do no damage.
The gnoll is severely wounded.
The gnoll hits you with a +0 flail!
Ouch! That really hurt!
You die...

.+.....#.#.#≈#≈#<#.#.#
#...
.#######.#.#.#.###...#
#.s# .# #.#.#.##...##.#
#..# #.#.##.#####.##
#..# #.##.##.....##
##s.# #..## #######
##g..# ##..## ##....#
######..#########....##
.............@gs.....##
.#####################


You could see a gnoll and a giant cockroach.

Vanquished Creatures
  An ooze (D:1)
  A kobold (D:1)
  A bat (D:1)
  A frilled lizard (D:1)
  A rat (D:1)
5 creatures vanquished.

Notes
Turn   | Place    | Note
-------+----------+-------------------------------------------
     0 | D:1      | Descartes the Felid Wanderer began the quest for the Orb.
     0 | D:1      | Descartes set off with the following items: a scroll of
                  | teleportation, a ration; and the following spells available
                  | to memorise: Call Imp, Magic Dart, Sandblast, Blink, Slow,
                  | Conjure Flame, Mephitic Cloud, Stone Arrow
     0 | D:1      | Reached XP level 1. HP: 9/9 MP: 3/3
     2 | D:1      | Learned a level 1 spell: Magic Dart
   141 | D:1      | Reached skill level 1 in Dodging
   232 | D:1      | Reached XP level 2. HP: 12/12 MP: 2/4
   244 | D:1      | Slain by a gnoll

Skill      XL: |  1 |
---------------+----+-----
Dodging        | 1 |  1.2
Fighting       | |  1.0
Stealth        | |  2.8
Unarmed Combat | |  2.1
Spellcasting   | |  1.1
Conjurations   | |  0.2
Summonings     | |  2.0
Transmutations | |  2.1

Action                   || total
-------------------------++-------
Melee: Unarmed           ||    15
       Bite              ||     1
 Cast: Magic Dart        ||     8
Armor: Skin              ||     3
Dodge: Dodged            ||    14
